AoeStats
← gob b

Nomad

505291845Analyzed
4v4 RM · 22d ago on Sep 8, 2026· 56m 2s· 8 players
Game mode
Random Map
Map size
231×231
Population
200
Speed
Normal
Resources
Standard
Victory
Conquest
Starting age
Dark Age
Ending age
Imperial Age
RankedLock teamsTeams togetherTeam positionsShared explorationLock speedFull tech treeHidden civsTurbo modeCheats
Victory
Defeat
🇨🇳 Dravidians · China
1073
+15
🇺🇸 Magyars · United States
1062
+16
🇫🇷 Huns · France
1037
+17
🇪🇸 Japanese · Spain
997
+18
🇮🇳 Persians · India
1115
-20
🇨🇱 Dravidians · Chile
1091
-18
🇹🇷 Gurjaras · Türkiye
1003
-14
🇬🇧 Britons · United Kingdom
998
-14
kneehao
14:08 Feudal Age
14:47 Double-Bit Axe
15:44 Fishing Lines
17:11 Wheelbarrow
21:52 Castle Age
20:05 Loom
20:06 Town Watch
21:21 Fletching
21:36 Gold Mining
21:41 Stone Mining
27:49 Bow Saw
28:28 Gillnets
28:53 Medium Warships
29:04 Medium Warships
29:03 Horse Collar
30:51 Heavy Plow
31:03 Bodkin Arrow
32:36 Scale Barding Armor
33:34 Corvinian Army
34:18 Hand Cart
37:33 Imperial Age
35:38 Chain Barding Armor
35:58 Husbandry
36:09 Bloodlines
37:37 Town Patrol
39:30 Conscription
38:34 Elite Magyar Huszar
41:45 Plate Barding Armor
41:11 Bracer
42:15 Chemistry
41:26 Masonry
42:02 Crop Rotation
42:27 Padded Archer Armor
51:45 Siege Engineers
Anne d'autriche
12:35 Loom
16:06 Feudal Age
30:10 Fishing Lines
32:41 Wheelbarrow
32:25 Double-Bit Axe
41:17 Stone Mining
51:34 Castle Age
52:44 Bow Saw
52:29 Gillnets
53:42 Medium Warships
53:56 Hand Cart
54:38 Forging
54:29 Scale Mail Armor
54:54 Pikeman
55:37 Squires
56:27 Iron Casting
Fran
14:25 Feudal Age
14:56 Town Watch
15:00 Fishing Lines
14:48 Man-at-Arms
17:02 Wheelbarrow
18:31 Scale Mail Armor
19:31 Arson
24:42 Loom
26:38 Gold Mining
27:04 Horse Collar
29:50 Double-Bit Axe
33:47 Stone Mining
36:02 Castle Age
35:40 Forging
36:04 Long Swordsman
37:38 Iron Casting
37:19 Chain Mail Armor
37:23 Bow Saw
36:50 Pikeman
37:16 Gambesons
40:39 Hand Cart
42:53 Coinage
43:00 Heavy Plow
46:33 Squires
46:56 Fortified Wall
46:57 Masonry
48:41 Gillnets
53:48 Imperial Age
55:07 Conscription
54:23 Two-Handed Swordsman
54:29 Halberdier
CNZS_carlar
12:29 Loom
14:28 Feudal Age
21:07 Castle Age
36:36 Imperial Age
37:42 Wheelbarrow
38:02 Pikeman
38:43 Squires
39:07 Conscription
39:32 Scale Mail Armor
39:42 Forging
39:57 Halberdier
49:14 Fletching
49:24 Padded Archer Armor
51:54 Elite Skirmisher
52:40 Thumb Ring
53:26 Bodkin Arrow
53:47 Leather Archer Armor
tomahawk
8:32 Loom
14:34 Feudal Age
19:39 Horse Collar
19:46 Double-Bit Axe
25:02 Fletching
27:30 Castle Age
26:42 Padded Archer Armor
27:40 Crossbowman
28:21 Bodkin Arrow
29:55 Leather Archer Armor
31:22 Bow Saw
35:10 Wheelbarrow
35:17 Ballistics
37:39 Imperial Age
36:46 Gold Mining
38:02 Hand Cart
37:54 Murder Holes
39:16 Arbalester
40:21 Bracer
40:52 Ring Archer Armor
41:24 Warwolf
42:41 Conscription
43:07 Elite Longbowman
45:04 Pikeman
worgdog
4:07 Loom
18:57 Feudal Age
27:50 Castle Age
25:42 Double-Bit Axe
25:43 Horse Collar
27:22 Bloodlines
29:05 Forging
29:01 Scale Barding Armor
29:15 Husbandry
31:36 Iron Casting
gob b
3:12 Loom
30:12 Feudal Age
55:29 Castle Age
55:28 Fletching
Lautaro_aoe
4:57 Loom
5:15 Loom
12:40 Feudal Age
13:16 Double-Bit Axe
15:08 Fletching
23:58 Castle Age
25:11 Bodkin Arrow
25:09 Horse Collar
27:43 Bow Saw
29:32 Wheelbarrow
29:45 Demolition Ship
30:03 Demolition Ship
31:27 Hand Cart
32:05 Stone Mining
32:38 Gold Mining
37:19 Imperial Age
36:19 Padded Archer Armor
38:17 Ballistics
39:02 Chemistry
38:38 Bracer
39:01 Ballistics
39:07 Elite Elephant Archer
45:14 Thumb Ring
46:10 Siege Elephant
49:24 Masonry
50:48 Two-Man Saw
49:49 Heavy Plow
Connection lost

Rejoining the realm…

Still unreachable

The connection could not be restored.

Session expired

The server has moved on; the page needs a fresh start.